 Dungeon Crawl Stone Soup version 0.25-a0-35-g747a2b3c0c (webtiles) character file.

Game seed: 14526176613508395158, levelgen mode: deterministic

11251 Chiseanne the Thaumaturge (level 11, -8/108 HPs)
             Began as a Demonspawn Wizard on Oct 19, 2019.
             Was an Elder of Makhleb.
             Killed by divine providence
             ... invoked by an orc priest
              (10 damage)
             ... on level 10 of the Dungeon.
             The game lasted 00:38:54 (14543 turns).

Chiseanne the Thaumaturge (Demonspawn Wizard)      Turns: 14543, Time: 00:38:55

Health: -8/108     AC: 30    Str:  9    XL:     11   Next: 46%
Magic:  0/23       EV:  2    Int: 21    God:    Makhleb [****..]
Gold:   670        SH:  6    Dex: 12    Spells: 21/27 levels left

rFire    . . .     SeeInvis +   a - +2 war axe
rCold    + . .     Gourm    .   L - +2 buckler {rC+}
rNeg     + + +     Faith    .   (armour currently unavailable)
rPois    +         Spirit   +   (helmet currently unavailable)
rElec    .         Reflect  .   (cloak currently unavailable)
rCorr    .         Harm     .   (gloves currently unavailable)
MR       .....     NoTele   +   (boots unavailable)
Stlth    ++........             (no amulet)
HPRegen  0.28/turn              m - +5 ring of protection
MPRegen  0.36/turn              G - ring of see invisible

@: tree-form
A: demonic guardian 1, magic shield, magic regeneration
a: Minor Destruction, Lesser Servant of Makhleb, Major Destruction, Renounce
Religion


You were on level 10 of the Dungeon.
You worshipped Makhleb.
Makhleb was greatly pleased with you.
You were not hungry.
You were a tree.
You visited 2 branches of the dungeon, and saw 11 of its levels.

You collected 670 gold pieces.

Inventory:

Hand Weapons
 a - a +2 war axe (weapon)
 f - a +0 club
 y - a +2 dagger of venom
 H - a +3 battleaxe
Missiles
 e - 184 arrows
 g - 140 bolts
 l - 26 boomerangs
 o - 13 javelins
 p - 68 sling bullets
 t - 196 stones
 v - 4 silver boomerangs (quivered)
 E - a throwing net
Armour
 b - a +0 hat (melded)
 j - a +2 scale mail of poison resistance (melded)
 k - a scarf of repulsion (melded)
 x - a +0 large shield
 C - the +1 leather armour of the Thirsty Souls {rN+ Str+9 Slay-2}
   (You found it on level 7 of the Dungeon)

   It affects your strength (+9).
   It affects your accuracy and damage with ranged weapons and melee attacks
   (-2).
   It protects you from negative energy.
 I - +0 fire dragon scales
 L - a +2 buckler of cold resistance (worn)
Jewellery
 m - a +5 ring of protection (left branch)
 u - a +4 ring of strength
 w - the amulet of the Air {Inacc +Fly rElec EV+5 RMsl}
   (You found it on level 4 of the Dungeon)

   [amulet of inaccuracy]

   It reduces the accuracy of all your attacks.
   It affects your evasion (+5).
   It insulates you from electricity.
   It lets you fly.
   It protects you from missiles.
 G - a ring of see invisible (right branch)
 J - an uncursed ring of protection from fire
Scrolls
 i - 4 scrolls of remove curse
 s - 6 scrolls of teleportation
 z - a scroll of amnesia
 F - 3 scrolls of identify
 K - 2 scrolls of immolation
Potions
 h - 3 potions of brilliance
 n - 2 potions of resistance
 A - a potion of lignification
 D - a potion of invisibility {unknown}
Comestibles
 d - 15 rations
 q - 4 chunks of flesh


   Skills:
 - Level 1.8 Fighting
 * Level 7.9 Axes
 * Level 7.9 Armour
 - Level 6.7 Dodging
 - Level 1.7 Stealth
 * Level 2.7 Shields
 * Level 8.9 Spellcasting
 - Level 2.6 Conjurations
   Level 1.0 Summonings
 - Level 0.8 Translocations
 * Level 5.0 Air Magic


You had 21 spell levels left.
You knew the following spells:

 Your Spells              Type           Power        Failure   Level  Hunger
a - Magic Dart            Conj           ###.         2%          1    None
b - Blink                 Tloc           N/A          9%          2    None
d - Mephitic Cloud        Conj/Pois/Air  ###.....     9%          3    None

Your spell library contained the following spells:

 Spells                   Type           Power        Failure   Level  Hunger
 Summon Small Mammal      Summ           ##..         5%          1    None
 Apportation              Tloc           ##....       6%          1    None
 Throw Frost              Conj/Ice       ##....       8%          2    None
 Animate Skeleton         Necr           N/A          9%          1    None
 Confusing Touch          Hex            #.....       9%          1    None
 Freeze                   Ice            #...         9%          1    None
 Call Imp                 Summ           ##......     9%          2    None
 Slow                     Hex            #.......     13%         2    None
 Conjure Flame            Conj/Fire      ##......     14%         3    None
 Call Canine Familiar     Summ           ##......     17%         3    None
 Summon Guardian Golem    Hex/Summ       ##......     21%         3    None
 Summon Lightning Spire   Summ/Air       ###.....     24%         4    ###....
 Ozocubu's Armour         Chrm/Ice       #.......     26%         3    None
 Throw Icicle             Conj/Ice       ##......     43%         4    ###....
 Summon Ice Beast         Ice/Summ       ##......     56%         4    ###....


Dungeon Overview and Level Annotations

Branches:
Dungeon (10/15)            Temple (0/1) D:6            Lair (0/6) D:9
    Orc (1/2) D:10

Altars:
Ashenzari
Fedhas
Makhleb
Okawaru
Ru
Sif Muna
Vehumet
Xom
Zin
The Shining One

Shops:
D:6 :

Annotations:
D:6 exclusion: statue


Innate Abilities, Weirdness & Mutations

((You have claws for feet.))
A weak demonic guardian rushes to your aid.
When hurt, damage is shared between your health and your magic reserves.
You regenerate magic rapidly.
((Your movements are slightly less encumbered by armour. (ER -2)))


Message History

The orc priest hits you but does no damage.
You barely miss the orc priest.
The orc priest calls down the wrath of Beogh upon you.
Beogh smites you!
* * * LOW HITPOINT WARNING * * *
You hit the orc priest.
The orc priest is lightly wounded.
The orc priest hits you but does no damage.
The orc priest looks encouraged for a moment.
You barely miss the orc priest.
The orc priest is lightly wounded.
You block the orc priest's attack. You block the orc priest's attack.
The orc priest calls upon Beogh to heal the orc priest.
The orc priest's wounds heal themselves!
You block the orc priest's attack.
The orc priest hits you but does no damage.
The orc priest calls down the wrath of Beogh upon you.
Beogh smites you!
You die...

######............### #.######
.##..............###### #......#
......................###).#####
≈≈≈≈≈≈≈≈≈≈≈≈≈≈≈≈≈≈≈≈..##.###
≈≈≈≈≈≈≈≈≈≈≈≈≈≈≈≈≈≈≈≈.....#
##################≈≈.....###
...............≈.#≈≈.#.....#####
....[......[..o###≈≈....##.....##
......8.......oo♣#≈≈...####.###.#
..............o###≈≈..## ##.# ###
...............≈.#≈≈.#####..##
##################≈≈...##....#
≈≈≈≈≈≈≈≈≈≈≈≈≈≈≈≈≈≈≈≈......##.##
≈≈≈≈≈≈≈≈≈≈≈≈≈≈≈≈≈≈≈≈.....####.#
.....................##..###.##
..##....#####.#####.####..#.##
.#######.###..## ##.# ###.##


You could see an orc warrior and 3 orc priests.

Vanquished Creatures
  A two-headed ogre (D:8)
  An unseen horror (D:10)
  A troll (D:9)
  4 hippogriffs
  12 yaks
  A basilisk (D:9)
  2 hungry ghosts
  A warg (D:10)
  2 insubstantial wisps (D:8)
  3 ice beasts (D:10)
  4 sky beasts
  7 orc warriors
  A hornet zombie (D:9)
  4 phantoms
  An eye of draining (D:10)
  3 ogres (D:9)
  4 centaurs
  A crocodile (D:9)
  A big kobold (D:7)
  2 bullfrogs
  A scorpion (D:7)
  15 wights
  8 killer bees
  An electric eel (D:10)
  2 howler monkeys
  A bullfrog zombie (D:10)
  2 crimson imps
  A centaur zombie (D:7)
  5 jellies
  7 orc priests
  8 hounds
  2 centaur skeletons
  4 bullfrog skeletons
  18 orc wizards
  5 iguanas
  6 worker ants
  A hound skeleton (D:5)
  A worker ant zombie (D:10)
  4 gnolls
  8 adders
  A shadow imp (D:9)
  3 oozes
  An adder zombie (D:9)
  An adder skeleton (D:9)
  2 worms (D:3)
  2 dart slugs
  8 leopard geckos
  61 orcs
  3 ball pythons
  3 giant cockroaches
  9 goblins
  7 hobgoblins
  4 jackals
  8 kobolds
  6 quokkas
  8 bats
  4 frilled lizards
  A quokka skeleton (D:8)
  4 rats
292 creatures vanquished.

Vanquished Creatures (collateral kills)
  A fire dragon (D:10)
  An elephant (D:9)
  4 yaks
  A steam dragon (D:8)
  A black bear (D:7)
  2 orc warriors
  A phantom (D:6)
  A centaur (D:7)
  2 bullfrogs
  A scorpion (D:4)
  2 killer bees (D:8)
  A wight (D:6)
  A howler monkey (D:9)
  A hound (D:10)
  2 orc wizards
  A worker ant (D:6)
  2 adders
  5 orcs
  2 goblins (D:9)
  2 kobolds (D:7)
34 creatures vanquished.

Vanquished Creatures (others)
  A sky beast (D:8)
  A killer bee (D:8)
2 creatures vanquished.

Grand Total: 328 creatures vanquished

Notes
Turn   | Place    | Note
-------+----------+-------------------------------------------
     0 | D:1      | Chiseanne the Demonspawn Wizard began the quest for the
                  | Orb.
     0 | D:1      | Reached XP level 1. HP: 13/13 MP: 4/4
   332 | D:1      | Gained mutation: A weak demonic guardian rushes to your
                  | aid. [demonic ancestry]
   332 | D:1      | Reached XP level 2. HP: 19/19 MP: 1/6
   437 | D:1      | Learned a level 2 spell: Blink
   952 | D:2      | Gained mutation: You have sharp toenails. [demonic
                  | ancestry]
   952 | D:2      | Reached XP level 3. HP: 17/25 MP: 7/7
  1080 | D:2      | Learned a level 3 spell: Conjure Flame
  1560 | D:2      | Reached skill level 1 in Fighting
  2025 | D:2      | Learned a level 3 spell: Mephitic Cloud
  2143 | D:3      | Gained mutation: When hurt, damage is shared between your
                  | health and your magic reserves. [demonic ancestry]
  2143 | D:3      | Reached XP level 4. HP: 32/32 MP: 3/9
  2653 | D:3      | Gained mutation: Your movements are slightly less
                  | encumbered by armour. (ER -2) [demonic ancestry]
  2653 | D:3      | Reached XP level 5. HP: 22/38 MP: 1/10
  3250 | D:3      | Found a faded altar of an unknown god.
  3606 | D:4      | Found a burning altar of Makhleb.
  3606 | D:4      | Found a glowing silver altar of Zin.
  3607 | D:4      | Noticed an angel
  3607 | D:4      | Noticed a blizzard demon
  3610 | D:4      | Became a worshipper of Makhleb the Destroyer
  3624 | D:4      | Reached skill level 1 in Axes
  3624 | D:4      | Reached skill level 1 in Armour
  3624 | D:4      | Reached skill level 4 in Spellcasting
  3770 | D:4      | Gained mutation: You regenerate magic rapidly. [demonic
                  | ancestry]
  3770 | D:4      | Reached XP level 6. HP: 34/44 MP: 8/12
  4219 | D:4      | Found the amulet of the Air {Inacc +Fly rElec EV+5 RMsl}
  5124 | D:5      | Entered Level 5 of the Dungeon
  5533 | D:5      | Reached XP level 7. HP: 49/49 MP: 8/13
  5941 | D:5      | Reached * piety under Makhleb
  6075 | D:6      | Noticed a hippogriff
  6091 | D:6      | Killed a hippogriff
  6091 | D:6      | Reached skill level 5 in Spellcasting
  6369 | D:6      | Reached XP level 8. HP: 32/56 MP: 2/15
  6525 | D:6      | Found a radiant altar of Vehumet.
  6970 | D:6      | Found Voxiemuss's Book Emporium.
  7090 | D:6      | Found a staircase to the Ecumenical Temple.
  7317 | D:6      | Found a shimmering blue altar of Sif Muna.
  7748 | D:6      | Reached skill level 5 in Dodging
  7992 | D:6      | Reached ** piety under Makhleb
  7992 | D:6      | Reached skill level 6 in Spellcasting
  8138 | D:7      | Gained mutation: You have razor-sharp toenails. [demonic
                  | ancestry]
  8138 | D:7      | Reached XP level 9. HP: 61/61 MP: 18/18
  8730 | D:6      | Reached skill level 5 in Axes
  8730 | D:6      | Reached skill level 5 in Armour
  9009 | D:7      | Got a bloodstained leather armour
  9021 | D:7      | Identified the cursed +1 leather armour of the Thirsty
                  | Souls {rN+ Str+9 Slay-2} (You found it on level 7 of the
                  | Dungeon)
  9276 | D:7      | Reached skill level 7 in Spellcasting
  9664 | D:7      | Found a glowing golden altar of the Shining One.
  9800 | D:8      | Reached *** piety under Makhleb
  9852 | D:8      | Reached skill level 1 in Air Magic
  9852 | D:8      | Reached XP level 10. HP: 67/67 MP: 16/20
  9890 | D:8      | Noticed a two-headed ogre
  9959 | D:8      | Killed a two-headed ogre
 10183 | D:8      | Found a sacrificial altar of Ru.
 10607 | D:8      | Got a faintly glowing chain mail
 11454 | D:9      | Noticed an elephant
 11535 | D:9      | Reached skill level 8 in Spellcasting
 11607 | D:9      | Reached **** piety under Makhleb
 11707 | D:9      | Found an iron altar of Okawaru.
 11708 | D:9      | Found a shattered altar of Ashenzari.
 11708 | D:9      | Found a blossoming altar of Fedhas.
 11733 | D:9      | Found a shimmering altar of Xom.
 12045 | D:9      | Killed an elephant
 12171 | D:9      | Found a staircase to the Lair.
 12215 | D:9      | Identified a scroll of acquirement
 12450 | D:10     | Entered Level 10 of the Dungeon
 12538 | D:10     | Gained mutation: You have claws for feet. [demonic
                  | ancestry]
 12538 | D:10     | Reached XP level 11. HP: 71/72 MP: 7/23
 12555 | D:10     | Reached skill level 1 in Shields
 12792 | D:10     | Identified the +1 chain mail of Pojip {-Tele rN+ rCorr
                  | SInv} (You found it on level 8 of the Dungeon)
 13381 | D:10     | Noticed an unseen horror
 13665 | D:10     | Noticed a fire dragon
 13686 | D:10     | Killed a fire dragon
 13984 | D:10     | Killed an unseen horror
 14231 | D:10     | Found a staircase to the Orcish Mines.
 14283 | Orc:1    | Entered Level 1 of the Orcish Mines
 14285 | Orc:1    | Noticed an orc sorcerer
 14322 | D:10     | Reached skill level 5 in Air Magic
 14543 | D:10     | Killed from afar by an orc priest

Levels and vault maps discovered:
D:1:      shiori_shiawase, layout_rooms
D:2:      layout_loops_ring
D:3:      layout_rooms, chequers_ecumenical_altar_grove
D:4:      layout_basic, grunt_temple_overflow_order_and_chaos_2,
          chequers_serial_rivers_small_b
D:5:      layout_basic, serial_co_window_serial, co_window_paths_a,
          co_window_corner_a, co_window_paths_b, co_window_of_opportunity_a,
          co_window_corner_a, co_window_broadway_a, co_window_2corner,
          co_window_of_opportunity_b, glass_columns_a, glass_columns_c,
          glass_columns_b, glass_columns_b, first_ration
D:6:      layout_loops_cross, lemuel_blue_sif_altar, vehumet_statue,
          minmay_temple_entry_mini_moons, serial_shops, nicolae_shop_waterfront
D:7:      layout_rooms, tso_altar
D:8:      layout_basic, nicolae_ru_awakened_eye, hangedman_misty_isle
D:9:      layout_basic, grunt_temple_overflow_cloverleaf, david_lair_generic,
          enter_bailey_3
D:10:     dragon1_lemuel, layout_layer_cave, erik_orc_2
Orc:1:    layout_caves, gammafunk_ghost_split

Skill      XL: |  1  2  3  4  5  6  7  8  9 10 11 |
---------------+----------------------------------+-----
Dodging        | 2 3 4 5 6 |  6.7
Conjurations   | 2 |  2.6
Fighting       | 1 |  1.8
Axes           | 1 2 3 4 6 7 |  7.9
Armour         | 1 2 3 4 6 7 |  7.9
Spellcasting   | 4 5 6 7 8 |  8.9
Air Magic      | 1 4 5 |  5.0
Shields        | 2 |  2.7
Stealth        | |  1.7
Summonings     | |  1.0
Translocations | |  0.8

Action                   |  1- 3 |  4- 6 |  7- 9 | 10-12 || total
-------------------------+-------+-------+-------+-------++-------
Melee: Hand axe          |    16 |    13 |       |       ||    29
       Kick              |     1 |    15 |    82 |    90 ||   188
       War axe           |       |   107 |   316 |   456 ||   879
Throw: Javelin           |       |       |     4 |       ||     4
       Boomerang         |       |       |     5 |    13 ||    18
 Cast: Magic Dart        |    82 |   171 |    69 |   214 ||   536
       Mephitic Cloud    |       |       |     8 |    40 ||    48
       Blink             |       |       |     4 |     1 ||     5
Invok: Lesser Servant of |       |       |       |     8 ||     8
  Use: Scroll            |       |     5 |     8 |     5 ||    18
       Potion            |       |       |       |     4 ||     4
 Stab: Confused          |       |       |     2 |    19 ||    21
       Distracted        |       |       |     2 |     1 ||     3
  Eat: Chunk             |     4 |    10 |    15 |    19 ||    48
       Ration            |       |       |       |     1 ||     1
Armor: Robe              |     6 |     1 |       |       ||     7
       Scale mail        |       |    85 |   184 |   258 ||   527
       Skin              |       |       |       |     3 ||     3
Dodge: Dodged            |    22 |   119 |   260 |   337 ||   738
       Deflected         |       |       |     5 |     8 ||    13
Block: Buckler           |       |       |       |    77 ||    77

Table legend:
 A = Non-vault XP
 B = Vault XP
 C = Vault XP percentage of total XP
 D = Non-vault monster count
 E = Vault monster count
 F = Vault count percentage of total count
                 A         B        C        D         E       F
            +---------+---------+-------+---------+---------+-------
      Total |   13224 |    2849 |  17.7 |     292 |      36 |  11.0
            +---------+---------+-------+---------+---------+-------
        D:1 |      39 |       0 |   0.0 |      15 |       0 |   0.0
        D:2 |      89 |       0 |   0.0 |      20 |       0 |   0.0
        D:3 |     143 |       0 |   0.0 |      31 |       0 |   0.0
        D:4 |     295 |       0 |   0.0 |      18 |       0 |   0.0
        D:5 |     409 |       0 |   0.0 |      14 |       0 |   0.0
        D:6 |    2241 |       0 |   0.0 |      42 |       0 |   0.0
        D:7 |    2216 |       0 |   0.0 |      40 |       0 |   0.0
        D:8 |    1260 |     774 |  38.1 |      22 |       6 |  21.4
        D:9 |    2187 |     782 |  26.3 |      38 |       8 |  17.4
       D:10 |    4263 |    1293 |  23.3 |      45 |      22 |  32.8
      Orc:1 |      82 |       0 |   0.0 |       7 |       0 |   0.0
            +---------+---------+-------+---------+---------+-------
